 Dungeon Crawl Stone Soup version 0.31-a0-96-g196d5507e3 (webtiles) character file.

Game seed: 11902108785331629549

51 DeathSun the Grasshopper (level 3, -1/29 HPs)
             Began as a Demigod Warper on May 26, 2023.
             Slain by Terence
             ... wielding a +0 trident
              (6 damage)
             ... on level 1 of the Dungeon.
             The game lasted 00:03:08 (1249 turns).

DeathSun the Grasshopper (Demigod Warper)           Turns: 1249, Time: 00:03:08

Health: -1/29      AC:  4    Str: 16    XL:     3   Next: 38%
Magic:  8/8        EV: 11    Int: 15    God:
Gold:   41         SH:  0    Dex: 13    Spells: 5/5 levels left

rFire   . . .        a - +0 hand axe
rCold   . . .        (no shield)
rNeg    . . .        b - +0 leather armour
rPois   .            i - +0 helmet
rElec   .            (no cloak)
rCorr   .            (no gloves)
SInv    .            (no boots)
Will    .....        (no amulet)
Stlth   +            (no ring)
HPRegen 0.24/turn    (no ring)
MPRegen 0.11/turn

%: no passive effects
@: no status effects
A: high MP 1, forlorn, divine attributes
a: no special abilities


You were on level 1 of the Dungeon.
You visited 1 branch of the dungeon, and saw 2 of its levels.

You collected 41 gold pieces.

Inventory:

Hand Weapons
 a - a +0 hand axe (weapon)
Missiles
 d - 7 boomerangs of dispersal
 j - 5 boomerangs (quivered)
Armour
 b - a +0 leather armour (worn)
 i - a +0 helmet (worn)
Wands
 l - a wand of flame (14)
Scrolls
 c - 2 scrolls of blinking
 e - 3 scrolls of identify {unknown}
 g - a scroll of enchant armour {unknown}
 m - a scroll of vulnerability {unknown}
 n - a scroll of torment {unknown}
Potions
 f - 2 potions of curing {unknown}
 h - a potion of might {unknown}
 k - a potion of brilliance {unknown}
 o - a potion of resistance {unknown}
 p - a potion of cancellation {unknown}


   Skills:
 - Level 1.7 Fighting
 * Level 3.1 Axes
 - Level 0.8 Throwing
 - Level 0.8 Armour
 - Level 1.7 Dodging
 - Level 1.7 Spellcasting
 + Level 3.2 Translocations


You had 5 spell levels left.
You didn't know any spells.
Your spell library contained the following spells:

 Spells                   Type           Power      Damage    Failure   Level
 Blink                    Tloc           22%        N/A       11%         2
 Lesser Beckoning         Tloc           22%        N/A       11%         2
 Teleport Other           Tloc           11%        N/A       22%         3
 Vhi's Electric Charge    Tloc/Air       10%        N/A       43%         3
 Manifold Assault         Tloc           11%        N/A       58%         4


Dungeon Overview and Level Annotations

Branches:
Dungeon (2/15)

Shops:
D:1 (*([

Annotations:
D:1 Terence


Innate Abilities, Weirdness & Mutations

You have an increased reservoir of magic. (+10% MP)
You shall have no god before yourself.
Your divine heritage dramatically boosts your attributes as you level up.


Message History

The bat hits you but does no damage.
You closely miss the bat.
The bat is moderately wounded.
The bat misses you. The bat hits you.
You hit the bat.
You kill the bat!
No target in view!
No target in view!
Terence the Incautious comes into view.
He is wielding a +0 trident.
Found 20 gold pieces.
Terence shouts!
Terence is nearby!
Terence is nearby!
An endoplasm comes into view.
Terence closely misses you. Terence barely misses you.
The endoplasm quivers.
Terence shouts, "Get ready for death!"
There is a stone staircase leading up here.
Terence barely misses you.
There is a stone staircase leading up here.
Terence hits you but does no damage.
You climb upwards.
There is a stone staircase leading down here.
You barely miss Terence. Terence hits you with a +0 trident!
You hit Terence.
Terence is lightly wounded.
Terence hits you but does no damage.
You hit Terence but do no damage.
Terence is lightly wounded.
Terence hits you with a +0 trident!
You hit Terence.
Terence is lightly wounded.
Terence hits you with a +0 trident!
* * * LOW HITPOINT WARNING * * *
You hit Terence.
Terence is moderately wounded.
Terence closely misses you. Terence hits you with a +0 trident.
You die...

#.##.#############.###..#
#..........# #.####.#
####.#####.# #.##...# #.#
#.# #.##.### #.# #.#
#.##.# #.# #.# #.##.#
#####.#####.#######.##.#
.................##.##.#
......###.#.####@#...#.#
#####># #.#..# #.@.....#
#.# #)##.# ###...### #.#
#.##.# ##.## #.###.##.#
#.# #.##...#.######.#
#.##............#
#>##...#.########
#........#


You could see Terence.

Vanquished Creatures
  An adder (D:2)
  A dart slug (D:1)
  6 ball pythons
  5 endoplasms
  7 goblins
  3 hobgoblins
  2 jackals (D:1)
  6 bats
  2 kobolds (D:1)
  4 rats (D:1)
37 creatures vanquished.

Notes
Turn   | Place    | Note
-------+----------+-------------------------------------------
     0 | D:1      | DeathSun the Demigod Warper began the quest for the Orb.
     0 | D:1      | Reached XP level 1. HP: 17/17 MP: 5/5
   171 | D:1      | Reached XP level 2. HP: 18/24 MP: 7/7
   250 | D:1      | Found Zirassi's Antique Weapon Emporium.
   250 | D:1      | Found Ivohemp's General Store.
   306 | D:1      | Found Yloitzaf's Antique Armour Boutique.
   492 | D:1      | Found Zeinaad's Antique Weapon Boutique.
   977 | D:2      | Reached XP level 3. HP: 29/29 MP: 8/8
  1223 | D:2      | Noticed Terence
  1249 | D:1      | Slain by Terence

Illustrated notes

Levels and vault maps discovered:
D:1:      tarquinn_simple_flora_water_e, layout_loops_ring, serial_shops, shop,
          nicolae_shop_rolling_square, nicolae_shop_tiny_statue_garden, shop
D:2:      layout_rooms, basic_ecumenical_altar, uniq_terence

Skill      XL: |  1  2  3 |
---------------+----------+-----
Axes           | 2 3 |  3.1
Translocations | 3 |  3.2
Fighting       | |  1.7
Throwing       | |  0.8
Armour         | |  0.8
Dodging        | |  1.7
Spellcasting   | |  1.7

Action                     || total
---------------------------++-------
  Melee: Hand axe          ||   147
         Punch             ||     2
   Stab: Sleeping          ||     1
 Armour: Leather armour    ||    52
  Dodge: Dodged            ||    89

Table legend: (Time is in decaauts)
 A = Elapsed time spent in this place.
 B = Non-inter-level travel time spent in this place.
 C = Inter-level travel time spent in this place.
 D = Time resting spent in this place.
 E = Time spent auto-exploring this place.
 F = Levels seen in this place.
 G = Mean time per level.
                   A        B        C        D        E       F      G
               +--------+--------+--------+--------+--------+-----+--------+
         Total |   1273 |   1262 |     11 |      0 |    892 |   2 |  636.5 |
       Dungeon |   1273 |   1262 |     11 |      0 |    892 |   2 |  636.5 |
               +--------+--------+--------+--------+--------+-----+--------+

Top non-repeatable levels by time:
     D:1: 915 daAuts
     D:2: 358 daAuts
